 Dungeon Crawl Stone Soup version 0.22-a0-348-gd16d139 (webtiles) character file.

1162 nikopol the Thaumaturge (level 8, -8/42 HPs)
             Began as a Deep Elf Fire Elementalist on Apr 8, 2018.
             Killed by divine providence
             ... invoked by an orc priest
              (12 damage)
             ... on level 5 of the Dungeon.
             The game lasted 00:29:33 (5525 turns).

nikopol the Thaumaturge (DEFE)                      Turns: 5525, Time: 00:29:34

Health: -8/42      AC:  5    Str:  5    XL:     8   Next: 17%
Magic:  5/22       EV: 13    Int: 23    God:
Gold:   291        SH:  0    Dex: 15    Spells: 8/23 levels left

rFire    x . .     SeeInvis .   (no weapon)
rCold    + . .     Gourm    .   (no shield)
rNeg     . . .     Faith    .   a - +0 robe
rPois    .         Spirit   .   q - +0 helmet
rElec    .         Reflect  .   j - +0 cloak
rCorr    .         Harm     .   t - +0 pair of gloves
MR       .....                  (no boots)
Stlth    ++........             (no amulet)
HPRegen  0.14/turn              n - ring of ice
MPRegen  0.18/turn              (no ring)

@: about to teleport
A: no striking features
a: no special abilities


You were on level 5 of the Dungeon.
You were not hungry.

You visited 1 branch of the dungeon, and saw 6 of its levels.

You collected 291 gold pieces.

Inventory:

Armour
 a - a +0 robe (worn)
 j - a +0 cloak (worn)
 q - a +0 helmet (worn)
 t - a +0 pair of gloves (worn)
Jewellery
 f - an uncursed ring of poison resistance
 n - a ring of ice (left hand)
 s - a +5 ring of slaying {unknown}
Scrolls
 d - 2 scrolls of immolation {unknown}
 e - 7 scrolls of remove curse
 i - a scroll of magic mapping {unknown}
 l - 2 scrolls of teleportation
 o - a scroll of fog {unknown}
 p - 2 scrolls of identify
Potions
 b - 3 potions of curing
 g - a potion of cancellation
 h - a potion of invisibility
 k - a potion of lignification {unknown}
 r - a potion of flight {unknown}
Comestibles
 c - 9 rations
 m - a chunk of flesh


   Skills:
 + Level 0.5 Fighting
 + Level 3.0 Dodging
 + Level 3.5 Stealth
 + Level 8.4 Spellcasting
 + Level 5.5 Conjurations
 + Level 6.3 Fire Magic


You had 8 spell levels left.
You knew the following spells:

 Your Spells              Type           Power        Failure   Level  Hunger
a - Flame Tongue          Conj/Fire      #####        1%          1    None
b - Throw Flame           Conj/Fire      #####.       1%          2    None
c - Conjure Flame         Conj/Fire      #####...     1%          3    None
d - Sticky Flame          Conj/Fire      #####...     6%          4    ##.....
e - Fireball              Conj/Fire      #####.....   16%         5    #####..


Dungeon Overview and Level Annotations

Branches:
Dungeon (6/15)
 Temple: D:4-7

Altars:
Dithmenos
Kikubaaqudgha
Zin


Message History

An orc comes into view. It is wielding a hand axe.
You feel better.
The sentinel's mark upon you fades away.
The worker ant bites you.
* * * LOW HITPOINT WARNING * * *
The orc moves out of view.
The orc hits you with a hand axe.
* * * LOW HITPOINT WARNING * * *
The worker ant bites you.
* * * LOW HITPOINT WARNING * * *
An orc priest comes into view. It is wielding a flail.
Casting: Flame Tongue (safe; 1% risk of failure)
Confirm with . or Enter, or press ? or * to list all spells.
Aiming: Flame Tongue (safe; 1% risk of failure)
Press: ? - help, Shift-Dir - straight line, f/p - worker ant
Aim: a worker ant (moderately wounded)
The flame tongue hits the worker ant.
The worker ant appears unharmed.
The worker ant is moderately wounded.
The orc priest mumbles some strange prayers to Beogh against you.
Beogh smites you!
You die...

..#...##...........######
...<..###................
.#..#.##...........#####
<##.>.....#.##o....#
.###........##.ll..#
......###...##.Zo..#
........#....###S###
........#.... #o#
........#.... #@# .......
##....{a.# .......
#...##### ....... #.
######


You could see a water moccasin, a worker ant, an orc priest, 2 orcs, a quokka
zombie and 2 leopard geckos.

Vanquished Creatures
  The ghost of zkyp the Cudgeler, an amateur DgSk (D:4)
  Menkaure (D:4)
  3 big kobolds (D:3)
  3 hounds
  2 orc priests
  An orc wizard (D:3)
  A bullfrog skeleton (D:5)
  Crazy Yiuf (D:3)
  An iguana (D:4)
  A worker ant (D:4)
  A hound skeleton (D:5)
  8 gnolls (D:3)
  A howler monkey skeleton (D:5)
  9 adders
  An ooze (D:3)
  2 worms (D:3)
  4 leopard geckos
  17 orcs
  3 ball pythons (D:1)
  3 giant cockroaches
  37 goblins
  26 hobgoblins
  9 kobolds
  3 quokkas
  A ball python skeleton (D:4)
  7 bats
  4 frilled lizards
  A jackal zombie (D:5)
  3 rats
155 creatures vanquished.

Vanquished Creatures (others)
  A hobgoblin (D:5)
1 creature vanquished.

Grand Total: 156 creatures vanquished

Notes
Turn   | Place    | Note
-------+----------+-------------------------------------------
     0 | D:1      | nikopol the Deep Elf Fire Elementalist began the quest for the Orb.
     0 | D:1      | Reached XP level 1. HP: 10/10 MP: 6/6
   202 | D:1      | Reached XP level 2. HP: 13/15 MP: 5/8
   206 | D:1      | Learned a level 2 spell: Throw Flame
   737 | D:2      | Reached XP level 3. HP: 19/19 MP: 7/10
   871 | D:2      | Reached skill level 4 in Spellcasting
  1298 | D:2      | Reached XP level 4. HP: 24/24 MP: 10/12
  1315 | D:2      | Learned a level 3 spell: Conjure Flame
  1320 | D:2      | Learned a level 4 spell: Sticky Flame
  2253 | D:3      | Reached XP level 5. HP: 28/28 MP: 11/14
  2490 | D:3      | Reached skill level 5 in Spellcasting
  3131 | D:3      | Reached XP level 6. HP: 32/32 MP: 10/16
  3550 | D:3      | Reached skill level 5 in Fire Magic
  3637 | D:3      | Reached skill level 6 in Spellcasting
  3678 | D:3      | Learned a level 5 spell: Fireball
  3979 | D:3      | Found a runed door.
  3983 | D:3      | Noticed Crazy Yiuf
  3988 | D:3      | Killed Crazy Yiuf
  4150 | D:3      | Reached skill level 7 in Spellcasting
  4150 | D:3      | Reached XP level 7. HP: 30/36 MP: 3/19
  4666 | D:4      | Noticed zkyp's ghost (amateur DgSk)
  4694 | D:4      | Killed zkyp's ghost
  4980 | D:4      | Reached skill level 5 in Conjurations
  5185 | D:4      | You fall through a shaft for 2 floors!
  5202 | D:5      | Entered Level 5 of the Dungeon
  5310 | D:4      | Noticed Menkaure
  5314 | D:4      | Killed Menkaure
  5314 | D:4      | Reached skill level 8 in Spellcasting
  5314 | D:4      | Reached XP level 8. HP: 42/42 MP: 17/22
  5343 | D:4      | Found a shadowy altar of Dithmenos.
  5350 | D:4      | Found an ancient bone altar of Kikubaaqudgha.
  5374 | D:4      | Found a glowing silver altar of Zin.
  5525 | D:5      | Killed from afar by an orc priest

Vault maps used:
D:1:      sevenhm_arrival_forest_fort_small_6, minmay_split_cup_large
D:3:      minmay_goblin_kobold_castle, uniq_crazy_yiuf_cottage
D:4:      nicolae_overflow_hidden_temple, first_ration, uniq_menkaure
D:5:      lemuel_temple_firewalk_b, serial_shops, nicolae_shop_behind_doors,
          minmay_misc_feat_four_crosses, makhleb_blood_cavern_becter
D:6:      enter_ossuary_3, uniq_blork_the_orc, uniq_duvessa

Skill      XL: |  1  2  3  4  5  6  7 |
---------------+----------------------+-----
Spellcasting   | 4 5 7 8 |  8.4
Fire Magic     | 4 5 6 |  6.3
Conjurations   | 2 3 4 5 |  5.5
Stealth        | 3 |  3.5
Dodging        | 3 |  3.0
Fighting       | |  0.5

Action                   |  1- 3 |  4- 6 |  7- 9 || total
-------------------------+-------+-------+-------++-------
 Cast: Flame Tongue      |    61 |   164 |    86 ||   311
       Throw Flame       |       |    16 |     1 ||    17
       Sticky Flame      |       |     5 |     1 ||     6
       Conjure Flame     |       |     4 |     1 ||     5
  Use: Scroll            |       |     5 |     1 ||     6
       Potion            |       |       |     1 ||     1
  Eat: Chunk             |     1 |     9 |     4 ||    14
Armor: Robe              |     2 |     5 |     5 ||    12
Dodge: Dodged            |    28 |    36 |    21 ||    85

Table legend:
 A = Spawn XP
 B = Non-spawn XP
 C = Spawn XP percentage of total XP
 D = Spawn monster count
 E = Non-spawn monster count
 F = Spawn count percentage of total count
 G = Total turns spent on level
                    A         B        C        D         E        F      G
               +---------+---------+-------+---------+---------+-------+---------
         Total |       0 |    1660 |   0.0 |       0 |     155 |   0.0 |  5525
               +---------+---------+-------+---------+---------+-------+---------
           D:1 |       0 |      33 |   0.0 |       0 |      18 |   0.0 |   707
           D:2 |       0 |      71 |   0.0 |       0 |      16 |   0.0 |   808
           D:3 |       0 |     746 |   0.0 |       0 |      95 |   0.0 |  3042
           D:4 |       0 |     646 |   0.0 |       0 |      18 |   0.0 |   876
           D:5 |       0 |     164 |   0.0 |       0 |       8 |   0.0 |    75
               +---------+---------+-------+---------+---------+-------+---------
